 Dungeon Crawl Stone Soup version 0.26-a0-946-g9485abf61d (webtiles) character file.

Game seed: 11282752825542160620

7580 dricus the Tainter (level 11, -13/75 HPs)
             Began as an Octopode Venom Mage on Nov 28, 2020.
             Was a Believer of Ashenzari.
             Killed by the air
             ... invoked by Gastronok
              (35 damage)
             ... on level 1 of the Lair of Beasts.
             The game lasted 00:25:47 (13580 turns).

dricus the Tainter (Octopode Venom Mage)           Turns: 13580, Time: 00:25:48

Health: -13/75     AC:  1    Str:  9    XL:     11   Next: 17%
Magic:  1/18       EV: 17    Int: 20    God:    Ashenzari [**....]
Gold:   692        SH: 10    Dex: 18    Spells: 10/20 levels left

rFire    . . .     SeeInvis .   a - +0 trident
rCold    . . .     Faith    .   e - +0 kite shield (curse)
rNeg     . . .     Spirit   .   (helmet restricted)
rPois    .         Reflect  .   k - amulet of the acrobat (curse)
rElec    .         Harm     .   C - +6 ring of dexterity (curse)
rCorr    .         Rampage  .   (no ring)
MR       .....                  (no ring)
Stlth    +++.......             (no ring)
HPRegen  0.22/turn              (no ring)
MPRegen  0.16/turn              (no ring)
                                (no ring)
                                (no ring)

@: slowed, very slow
A: almost no armour, stealthy swim, amphibious, 8 rings, constrict 8, camouflage
1, gelatinous body 1
a: Curse Item, Scrying, Renounce Religion


You were on level 1 of the Lair of Beasts.
You worshipped Ashenzari.
Ashenzari was pleased with you.
You visited 2 branches of the dungeon, and saw 12 of its levels.

You collected 692 gold pieces.

Inventory:

Hand Weapons
 a - a +0 trident (weapon)
   (You took it off an orc on level 9 of the Dungeon)
 q - a +0 short sword
   (You took it off a kobold on level 1 of the Dungeon)
 w - a +0 spear
   (You found it on level 6 of the Dungeon)
Missiles
 i - 24 poisoned darts
Armour
 e - a cursed +0 kite shield (worn)
   (You found it on level 8 of the Dungeon)
 f - a +0 buckler
   (You found it on level 4 of the Dungeon)
 n - a +0 tower shield
   (You found it on level 6 of the Dungeon)
Jewellery
 k - a cursed amulet of the acrobat (around mantle)
   (You took it off a hobgoblin on level 2 of the Dungeon)
 C - a cursed +6 ring of dexterity (left tentacle)
   (You found it on level 1 of the Dungeon)
Wands
 c - a wand of disintegration (8)
   (You took it off Erolcha on level 9 of the Dungeon)
 d - a wand of iceblast (10)
   (You took it off Maurice on level 8 of the Dungeon)
 t - a wand of flame (30)
   (You found it on level 9 of the Dungeon)
 v - a wand of digging (11)
   (You took it off Pikel on level 5 of the Dungeon)
Scrolls
 h - 3 scrolls of remove curse {@r2}
 m - 8 scrolls of teleportation {@r4}
 u - a scroll of fog
 x - a scroll of fear
 y - 2 scrolls of identify {@r1}
 D - a scroll of random uselessness {unknown}
Potions
 b - 2 potions of brilliance
 g - a potion of haste {@q3}
 j - 2 potions of attraction {!q}
 l - 3 potions of heal wounds {@q2}
 o - 6 potions of curing {@q1}
 p - 3 potions of ambrosia
 r - a potion of flight
 s - 3 potions of resistance
 z - a potion of invisibility
 A - a potion of cancellation
 B - a potion of magic


   Skills:
 + Level 7.2 Fighting
 + Level 5.9 Polearms
 + Level 7.6 Dodging
 - Level 2.6 Stealth
 + Level 6.8(8.3) Shields
 - Level 5.0 Spellcasting
 - Level 2.0 Conjurations
 - Level 1.0 Transmutations
 - Level 2.0 Air Magic
 - Level 10.0 Poison Magic


You had 10 spell levels left.
You knew the following spells:

 Your Spells              Type           Power        Failure   Level
a - Poisonous Vapours     Pois/Air       ####..       3%          2
f - Mephitic Cloud        Conj/Pois/Air  ###.....     12%         3
x - Sting                 Tmut/Pois      ####         2%          1
y - Olgreb's Toxic Radia  Pois           #####...     4%          4

Your spell library contained the following spells:

 Spells                   Type           Power        Failure   Level
 Foxfire                  Conj/Fire      #...         19%         1
 Ignite Poison            Fire/Tmut/Pois ###.....     19%         3
 Conjure Flame            Conj/Fire      #.......     47%         3
 Inner Flame              Hex/Fire       #.......     63%         3
 Sticky Flame             Conj/Fire      #.......     87%         4
 Fireball                 Conj/Fire      #.........   99%         5


Dungeon Overview and Level Annotations

Branches:
Dungeon (11/15)            Temple (0/1) D:6            Lair (1/6) D:9
    Orc: D:9-12

Altars:
Ashenzari
Dithmenos
Hepliaklqana
Makhleb
Nemelex Xobeh
Okawaru
Ru
Vehumet
Xom
The Shining One

Annotations:
D:6 exclusion: ice beast
Lair:1 3 runed translucent doors, Gastronok; Regoshi's ghost, novice BaHu


Innate Abilities, Weirdness & Mutations

You cannot wear most types of armour.
You are very stealthy in the water. (Stealth+)
You are amphibious.
You can wear up to eight rings at the same time.
You can use your tentacles to constrict eight enemies at once.
Your skin changes colour to match your surroundings (Stealth+).
Your rubbery body absorbs attacks. (AC +1, EV +1)


Message History

Poisonous vapours surround Gastronok!
Gastronok is engulfed in poison gas.
Gastronok looks as sick as possible!
Aim: Gastronok, wearing the +3 hat of Pondering {ponderous, MR+ MP+10 Int+5} (severely wounded, extremely poisoned) Poisonous vapours surround Gastronok!
Gastronok bubbles merrily.
Gastronok waves his eye-stalks in wide circles.
The air twists around and strikes you!!
Unknown command.
Unknown command.
Unknown command.
Aim: Gastronok, wearing the +3 hat of Pondering {ponderous, MR+ MP+10 Int+5} (severely wounded, very poisoned) Poisonous vapours surround Gastronok!
Gastronok looks as sick as possible!
Reach: a) +0 trident
Aim: Gastronok, wearing the +3 hat of Pondering {ponderous, MR+ MP+10 Int+5} (severely wounded, extremely poisoned)
You reach to attack!
You hit Gastronok.
Reach: a) +0 trident
Aim: Gastronok, wearing the +3 hat of Pondering {ponderous, MR+ MP+10 Int+5} (severely wounded, extremely poisoned)
You reach to attack!
You hit Gastronok.
Gastronok looks at you and mumbles some strange words.
You feel yourself slow down.
Unknown command.
Reach: a) +0 trident
Aim: Gastronok, wearing the +3 hat of Pondering {ponderous, MR+ MP+10 Int+5} (almost dead, extremely poisoned)
You reach to attack!
You hit Gastronok.
Gastronok chants a spell, wobbling all the while.
Reach: a) +0 trident
Aim: Gastronok, wearing the +3 hat of Pondering {ponderous, MR+ MP+10 Int+5} (almost dead, extremely poisoned)
You reach to attack!
You barely miss Gastronok. You block the quokka's attack.
Gastronok waves his eye-stalks in wide circles.
The air twists around and strikes you!!
* * * LOW HITPOINT WARNING * * *
The river rat bites you.
* * * LOW HITPOINT WARNING * * *
You block the quokka's attack. x2
Gastronok mumbles some strange words.
The quokka misses you.
The quokka completely misses the plant.
You block the quokka's attack. x2
The river rat completely misses you. You block the quokka's attack.
You block the quokka's attack. The river rat completely misses you.
You block the quokka's attack. The river rat completely misses you.
Aim: Gastronok, wearing the +3 hat of Pondering {ponderous, MR+ MP+10 Int+5} (almost dead, very poisoned) Poisonous vapours surround Gastronok!
You block the quokka's attack. The quokka misses you.
The river rat closely misses you.
Gastronok is engulfed in poison gas.
Gastronok looks even sicker.
Gastronok waves his eye-stalks in wide circles.
The air twists around and strikes you!!
You die...

, , #........# * * #...##
#........## #, #....# #........P#
#. #####P..### #.......#
+.##.........##### #..##..## #
+...........###..######.###..# ##
+.......................###..###.
#..............rr................
#...........w.rr@................
#..........##.###..#....###..####
...........#### ####.#.## #..., .
##.......P##* #..## *#.## ..
####........# **#..# , .., ...
*#.$.......#* P.P# ,... ...
#..........P# , .... .... ...
#...........## .... , ,
..........).# * * ...


You could see Gastronok (very poisoned), a river rat (summoned) and 3 quokkas.

Vanquished Creatures
  Erolcha (D:9)
  An unseen horror (D:10)
  Pikel (D:5)
  A manticore (D:11)
  A centaur zombie (D:10)
  Maurice (D:8)
  Maggie (D:9)
  A komodo dragon (D:9)
  Prince Ribbit (D:7)
  3 wyverns (D:9)
  A steam dragon (D:9)
  2 basilisks (D:9)
  A soldier ant (D:10)
  3 orc warriors (D:9)
  2 sky beasts (D:6)
  A black bear (D:4)
  2 ice beasts
  An ogre (D:5)
  3 centaurs
  A big kobold (D:5)
  4 bullfrogs
  3 scorpions
  14 killer bees
  2 wights
  3 hounds
  5 orc priests
  Crazy Yiuf (D:5)
  10 orc wizards
  3 bullfrog skeletons
  A centaur skeleton (D:7)
  An iguana (D:7)
  6 worker ants
  9 adders
  2 shadow imps (D:9)
  2 white imps (D:7)
  3 ufetubi
  2 oozes
  An adder zombie (D:9)
  3 adder skeletons
  3 worms
  5 leopard geckos
  29 orcs
  9 bats
  8 giant cockroaches
  9 goblins
  3 hobgoblins
  5 jackals
  3 quokkas
  A ball python (D:2)
  5 frilled lizards
  A jackal skeleton (D:4)
  9 kobolds
  3 rats
197 creatures vanquished.

Vanquished Creatures (others)
  A fungus (Lair:1)
1 creature vanquished.

Grand Total: 198 creatures vanquished

Notes
Turn   | Place    | Note
-------+----------+-------------------------------------------
     0 | D:1      | dricus the Octopode Venom Mage began the quest for the Orb.
     0 | D:1      | Reached XP level 1. HP: 11/11 MP: 3/3
   101 | D:1      | Found a broken altar of Ashenzari.
   213 | D:1      | Reached XP level 2. HP: 18/18 MP: 1/5
   281 | D:1      | Became a worshipper of Ashenzari the Shackled
   311 | D:1      | Reached skill level 4 in Poison Magic
  1118 | D:2      | Reached skill level 1 in Fighting
  1118 | D:2      | Reached XP level 3. HP: 23/23 MP: 2/6
  1636 | D:2      | Reached XP level 4. HP: 28/28 MP: 4/7
  1664 | D:2      | Learned a level 2 spell: Poisonous Vapours
  1668 | D:2      | Learned a level 3 spell: Mephitic Cloud
  3061 | D:3      | Reached * piety under Ashenzari
  3337 | D:4      | Reached skill level 5 in Poison Magic
  3337 | D:4      | Reached XP level 5. HP: 34/34 MP: 1/8
  4010 | D:4      | Noticed a black bear
  4020 | D:4      | Killed a black bear
  4021 | D:4      | Reached skill level 1 in Conjurations
  4021 | D:4      | Reached skill level 1 in Air Magic
  4021 | D:4      | Reached XP level 6. HP: 39/39 MP: 1/10
  4312 | D:4      | Reached skill level 1 in Shields
  4371 | D:5      | Entered Level 5 of the Dungeon
  4464 | D:5      | Noticed Pikel
  4480 | D:5      | Killed Pikel
  4481 | D:5      | Reached skill level 6 in Poison Magic
  4481 | D:5      | Reached XP level 7. HP: 45/45 MP: 0/12
  4612 | D:5      | Reached XP level 8. HP: 52/52 MP: 5/13
  4843 | D:5      | Reached skill level 7 in Poison Magic
  4893 | D:5      | Learned a level 4 spell: Olgreb's Toxic Radiance
  5267 | D:5      | Found a glowing golden altar of the Shining One.
  5418 | D:5      | Found a runed translucent door.
  5419 | D:5      | Noticed Crazy Yiuf
  5427 | D:5      | Killed Crazy Yiuf
  5795 | D:6      | Found a shimmering altar of Xom.
  5796 | D:6      | Found a burning altar of Makhleb.
  5796 | D:6      | Found a broken altar of Ashenzari.
  5796 | D:6      | Found a radiant altar of Vehumet.
  6601 | D:6      | Reached ** piety under Ashenzari
  6989 | D:6      | Found a hazy altar of Hepliaklqana.
  7014 | D:6      | Found a staircase to the Ecumenical Temple.
  7356 | D:7      | Noticed Prince Ribbit
  7363 | D:7      | Killed Prince Ribbit
  7364 | D:7      | Reached skill level 8 in Poison Magic
  7364 | D:7      | Reached XP level 9. HP: 48/58 MP: 1/15
  7478 | D:7      | Reached skill level 1 in Polearms
  7519 | D:7      | Found a shadowy altar of Dithmenos.
  8275 | D:8      | Noticed Maurice
  8296 | D:8      | Killed Maurice
  8297 | D:8      | Reached skill level 5 in Dodging
  8297 | D:8      | Reached skill level 9 in Poison Magic
  9112 | D:9      | Reached skill level 5 in Spellcasting
  9302 | D:9      | Reached skill level 5 in Fighting
  9834 | D:9      | Reached skill level 10 in Poison Magic
  9834 | D:9      | Reached XP level 10. HP: 66/66 MP: 8/17
 10106 | D:9      | Found an iron altar of Okawaru.
 10161 | D:9      | Reached skill level 5 in Shields
 10345 | D:9      | Noticed Maggie
 10422 | D:9      | Killed Maggie
 10575 | D:9      | Found a staircase to the Lair.
 10587 | D:9      | Noticed Erolcha
 10632 | D:9      | Killed Erolcha
 11017 | D:9      | Found a sparkling altar of Nemelex Xobeh.
 11112 | D:10     | Entered Level 10 of the Dungeon
 11367 | D:10     | Reached skill level 5 in Polearms
 11500 | D:10     | Found a sacrificial altar of Ru.
 11630 | D:10     | Killed an unseen horror
 11631 | D:10     | Reached XP level 11. HP: 34/74 MP: 0/18
 12532 | D:11     | Noticed a manticore
 12543 | D:11     | Killed a manticore
 12767 | Lair:1   | Entered Level 1 of the Lair of Beasts
 13543 | Lair:1   | Found a runed translucent gate.
 13543 | Lair:1   | Found a runed translucent gate.
 13543 | Lair:1   | Found a runed translucent gate.
 13545 | Lair:1   | Noticed a four-headed hydra
 13549 | Lair:1   | Noticed Gastronok
 13553 | Lair:1   | Noticed Regoshi's ghost (novice BaHu)
 13555 | Lair:1   | Noticed a minotaur
 13580 | Lair:1   | Killed from afar by Gastronok

Illustrated notes

Levels and vault maps discovered:
D:1:      dpeg_arrival_rhombus, layout_loops_ring, ashenzari_altar_1
D:2:      layout_basic
D:3:      layout_basic
D:4:      layout_basic, kennysheep_boxes
D:5:      layout_basic, tso_altar, minmay_crossroads, uniq_crazy_yiuf_cottage,
          uniq_pikel
D:6:      layout_gridville, lemuel_crystal_altar,
          chequers_temple_overflow_statue_of_worship,
          minmay_temple_entry_offerings
D:7:      layout_basic, grunt_dithmenos_smoke_and_mirrors, uniq_prince_ribbit1
D:8:      layout_cave_pools, uniq_maurice
D:9:      layout_roguey, lemuel_round_altar, kennysheep_okawaru_gauntlet,
          erik_lair_dragon, grunt_ministairs_2, eino_jars, uniq_erolcha,
          uniq_maggie
D:10:     layout_roguey, nicolae_ru_sacrificial_ziggurat
D:11:     layout_basic, orc_0_dummy, serial_shops, nicolae_shop_statue_plus
Lair:1:   layout_gridlike, maelrawn_ghost_gauntlet_escape, uniq_nergalle,
          uniq_gastronok

Skill      XL: |  1  2  3  4  5  6  7  8  9 10 11 |
---------------+----------------------------------+-----
Poison Magic   | 4 5 6 8 10 | 10.0
Fighting       | 1 2 3 4 5 6 7 |  7.2
Dodging        | 3 4 5 7 |  7.6
Conjurations   | 1 2 |  2.0
Air Magic      | 1 2 |  2.0
Shields        | 2 3 4 6 |  6.8
Spellcasting   | 3 4 5 |  5.0
Polearms       | 3 5 |  5.9
Stealth        | |  2.6
Transmutations | |  1.0

Action                   |  1- 3 |  4- 6 |  7- 9 | 10-12 || total
-------------------------+-------+-------+-------+-------++-------
Melee: Short sword       |    10 |    31 |    70 |       ||   111
       Constrict         |     3 |     7 |    28 |     9 ||    47
       Tentacles         |     2 |     5 |    30 |    25 ||    62
       Spear             |       |       |    76 |       ||    76
       Trident           |       |       |    12 |    94 ||   106
 Cast: Sting             |    62 |       |       |       ||    62
       Poisonous Vapours |       |    60 |    75 |    29 ||   164
       Olgreb's Toxic Ra |       |       |    18 |    24 ||    42
       Mephitic Cloud    |       |       |     5 |       ||     5
Invok: Curse Item        |     1 |       |     1 |       ||     2
Evoke: Wand              |       |       |       |     7 ||     7
  Use: Scroll            |       |     8 |     3 |     8 ||    19
       Potion            |       |       |       |     1 ||     1
 Stab: Sleeping          |       |     2 |     5 |     3 ||    10
Armor: Skin              |     2 |     2 |     2 |     1 ||     7
Dodge: Dodged            |    25 |    17 |   122 |    54 ||   218
Block: Buckler           |       |     1 |    24 |    21 ||    46
       Kite shield       |       |       |       |    28 ||    28

Table legend: (Time is in decaauts)
 A = Elapsed time spent in this place.
 B = Non-inter-level travel time spent in this place.
 C = Inter-level travel time spent in this place.
 D = Time resting spent in this place.
 E = Time spent auto-exploring this place.
 F = Levels seen in this place.
 G = Mean time per level.
                   A        B        C        D        E       F      G
               +--------+--------+--------+--------+--------+-----+--------+
         Total |  13612 |  12948 |    664 |   4572 |   6643 |  12 | 1134.3 |
       Dungeon |  13390 |  12728 |    662 |   4452 |   6591 |  11 | 1217.3 |
          Lair |    222 |    220 |      2 |    120 |     52 |   1 |  222.0 |
               +--------+--------+--------+--------+--------+-----+--------+

Top non-repeatable levels by time:
     D:9: 2768 daAuts
     D:5: 1558 daAuts
    D:10: 1420 daAuts
     D:6: 1323 daAuts
     D:3: 1206 daAuts
     D:7: 1137 daAuts
     D:1: 1111 daAuts
     D:4: 1068 daAuts
     D:2: 1014 daAuts
     D:8: 631 daAuts
  Lair:1: 222 daAuts
    D:11: 149 daAuts
